 Seeded DCSS version 0.32-a0-172-gc5dd13f2a7 (webtiles) character file.

Game seed: 157123326472067067 (custom seed)

1258 timneilson the Changeling (level 8, -8/54 HPs)
             Began as an Octopode Shapeshifter on Feb 12, 2024.
             Shot with an arrow by a centaur (11 damage)
             ... on level 6 of the Dungeon.
             The game lasted 00:06:27 (4107 turns).

timneilson the Changeling (Octopode Shapeshifter)   Turns: 4107, Time: 00:06:28

Health: -8/54      AC:  1    Str: 15    XL:     8   Next: 51%
Magic:  8/8        EV: 14    Int: 12    God:
Gold:   293        SH:  0    Dex: 12    Spells: 7/7 levels left

rFire   . .          .
                       - Unarmed
rCold   . . .        (no shield)
rNeg    + . .        (helmet currently unavailable)
rPois   .            (no amulet)
rElec   .            l - ring of positive energy
rCorr   .            d - ring of flight
SInv    .            (no ring)
Will    .....        (no ring)
Stlth   ++++         (no ring)
HPRegen 0.29/turn    (no ring)
MPRegen 0.11/turn    (no ring)
                     (no ring)

%: no passive effects
@: beast-form, flying, hasted, studying Shapeshifting, very quick
A: beast (slay +3), almost no armour, amphibious, 8 rings, camouflage 1,
gelatinous body 1, (nimble swimmer 1), tentacles
a: Begin Untransformation


You were on level 6 of the Dungeon.
You were a hulking beast.
You visited 1 branch of the dungeon, and saw 6 of its levels.

You collected 293 gold pieces.

Inventory:

Missiles
 j - 5 atropa-tipped darts (quivered)
Jewellery
 d - a ring of flight (right tentacle)
 l - a ring of positive energy (left tentacle)
Talismans
 b - a beast talisman (active)
 c - a flux talisman
 f - a blade talisman
Wands
 o - a wand of polymorph (8)
 r - a wand of digging (4)
 s - a wand of roots (8)
Scrolls
 i - 4 scrolls of teleportation
 n - a scroll of vulnerability
 q - a scroll of immolation
 v - a scroll of enchant weapon
Potions
 a - a potion of lignification
 g - a potion of berserk rage
 h - 2 potions of enlightenment
 k - a potion of attraction {unknown}
 m - a potion of might {unknown}
 p - 2 potions of heal wounds {unknown}
 t - a potion of curing {unknown}
 u - a potion of degeneration {unknown}


   Skills:
 * Level 4.5 Fighting
 * Level 4.9 Dodging
 + Level 4.5 Stealth
 * Level 5.5 Unarmed Combat
 + Level 1.5 Evocations
 * Level 6.6 Shapeshifting


You had 7 spell levels left.
You didn't know any spells.
Your spell library contained the following spells:

 Spells                   Type           Power      Damage    Failure   Level
 Magic Dart               Conj           0%         1d3       32%         1
 Shock                    Conj/Air       0%         1d3       32%         1
 Searing Ray              Conj           0%         2d4       45%         2
 Dazzling Flash           Conj/Hex       0%         N/A       69%         3
 Swiftness                Air            0%         N/A       69%         3
 Tukima's Dance           Hex            0%         N/A       69%         3
 Volatile Blastmotes      Fire/Tloc      0%         2d10      69%         3
 Airstrike                Air            0%         2d(0-16)  97%         4
 Dimensional Bullseye     Hex/Tloc       0%         N/A       97%         4
 Fulminant Prism          Conj/Alch      0%         3d5       97%         4
 Iskenderun's Mystic Bla  Conj/Tloc      0%         2d3       97%         4
 Starburst                Conj/Fire      0%         6d3       100%        6
 Maxwell's Capacitive Co  Air            0%         ∞         100%        8


Dungeon Overview and Level Annotations

Branches:
Dungeon (6/15)
 Temple: D:4-7

Altars:

Shops:
D:1 *


Innate Abilities, Weirdness & Mutations

You are a hulking beast.
Your limbs bulge with bestial killing power. (Slay +3)
You cannot wear most types of armour.
You are amphibious.
You can wear up to eight rings at the same time.
Your skin changes colour to match your surroundings (Stealth+).
Your rubbery body absorbs attacks. (AC +1, EV +1)
((You are camouflaged when in or above water. (Stealth+)))
You have tentacles for arms and can constrict up to eight enemies at once.


Message History

You squeeze the orc warrior.
The orc warrior is lightly wounded.
You constrict the orc warrior, but do no damage.
The orc warrior completely misses you.
You bludgeon the orc warrior!
You tentacle-slap the orc warrior, but do no damage.
The orc warrior is heavily wounded.
You constrict the orc warrior, but do no damage.
The orc warrior misses you.
You bludgeon the orc warrior!
The orc warrior is severely wounded.
You constrict the orc warrior, but do no damage.
The orc warrior barely misses you.
You barely miss the orc warrior.
The orc warrior is severely wounded.
You constrict the orc warrior. The orc warrior misses you.
Unknown command.
It was a potion of haste.
You feel yourself speed up.
You constrict the orc warrior, but do no damage.
The orc warrior hits you with a +0 hand axe!
* * * LOW HITPOINT WARNING * * *
You tentacle-slap the orc warrior but do no damage.
You squeeze the orc warrior.
The orc warrior is severely wounded.
You constrict the orc warrior. You tentacle-slap the orc warrior.
You kill the orc warrior!
The centaur shoots an arrow.
The arrow misses you. The orc hits you with a +0 whip.
* * * LOW HITPOINT WARNING * * *
The centaur unwields a +0 shortbow.
The centaur barely misses you. The centaur kicks you.
* * * LOW HITPOINT WARNING * * *
Something hits you.
* * * LOW HITPOINT WARNING * * *
Things that are here:
a +0 hand axe; a +0 chain mail The centaur wields a +0 shortbow.
The centaur shoots an arrow.
The arrow hits you!
You die...

#.. #.......# ...
#.......# #.. ##.......#
###[# #........#
.####...#######........#
#......................#
#........#....##..(....#
..............##...[...#
##..###h##....####.#####
..####)#####......#
#..o.c...###..#...#
#...oo...# #..###.#
#........###..###.##
#...................
#.........##........
##........(<.........
#.#......[.........


You could see a centaur and 3 orcs.

Vanquished Creatures
  Sigmund (D:2)
  2 water moccasins (D:5)
  A black bear (D:4)
  An orc warrior (D:6)
  An ogre (D:3)
  4 scorpions
  4 hounds
  2 jellies (D:5)
  A sleepcap (D:5)
  8 adders
  A white imp (D:5)
  2 ufetubi (D:6)
  3 dart slugs
  3 ribbon worms
  An orc (D:4)
  8 endoplasms
  4 giant cockroaches
  6 goblins
  6 hobgoblins
  4 kobolds
  2 quokkas (D:2)
  7 ball pythons
  8 bats
  3 frilled lizards
  6 rats
89 creatures vanquished.

Notes
Turn   | Place    | Note
-------+----------+-------------------------------------------
     0 | D:1      | timneilson the Octopode Shapeshifter began the quest for
                  | the Orb.
     0 | D:1      | Reached XP level 1. HP: 13/13 MP: 1/1
    71 | D:1      | Found Quigh's General Store.
   120 | D:1      | Reached XP level 2. HP: 16/18 MP: 2/2
   412 | D:1      | Reached skill level 1 in Stealth
   482 | D:1      | Reached XP level 3. HP: 23/23 MP: 3/3
   781 | D:2      | Noticed Sigmund
  1034 | D:2      | Reached XP level 4. HP: 24/29 MP: 4/4
  1152 | D:2      | Killed Sigmund
  1153 | D:2      | Reached skill level 4 in Shapeshifting
  1153 | D:2      | Reached XP level 5. HP: 27/35 MP: 5/5
  1153 | D:2      | Reached XP level 6. HP: 32/41 MP: 6/6
  2360 | D:4      | Noticed a black bear
  2366 | D:4      | Killed a black bear
  2367 | D:4      | Reached skill level 5 in Shapeshifting
  2367 | D:4      | Reached XP level 7. HP: 30/46 MP: 7/7
  3040 | D:5      | Entered Level 5 of the Dungeon
  3327 | D:5      | Reached skill level 5 in Unarmed Combat
  3327 | D:5      | Reached XP level 8. HP: 54/54 MP: 8/8
  3404 | D:5      | Reached skill level 6 in Shapeshifting
  3589 | D:5      | Reached skill level 1 in Evocations
  4107 | D:6      | Shot with an arrow by a centaur

Illustrated notes

Levels and vault maps discovered:
D:1:      lightli_arrival_flooded_house, layout_loops_ring, serial_shops, shop
D:2:      layout_basic, uniq_sigmund
D:3:      layout_loops_ring
D:4:      layout_basic, minmay_bisected, uniq_duvessa, uniq_eustachio
D:5:      layout_loops_cross
D:6:      layout_rooms, minivault_14, lemuel_flamethrower_1

Skill      XL: |  1  2  3  4  5  6  7  8 |
---------------+-------------------------+-----
Stealth        | 1 2 3 4 |  4.5
Fighting       | 2 3 4 |  4.5
Dodging        | 3 4 |  4.9
Unarmed Combat | 4 5 |  5.5
Shapeshifting  | 4 5 6 |  6.6
Evocations     | 1 |  1.5

Action                     |  1- 3 |  4- 6 |  7- 9 || total
---------------------------+-------+-------+-------++-------
  Melee: Unarmed           |    75 |    47 |    70 ||   192
         Constrict         |    17 |    16 |    20 ||    53
         Tentacles         |     7 |    12 |    27 ||    46
         Punch             |       |     3 |     4 ||     7
  Throw: Dart              |       |     2 |       ||     2
    Use: Scroll            |     4 |     3 |     1 ||     8
         Potion            |       |       |     1 ||     1
   Stab: Sleeping          |     9 |     9 |     7 ||    25
 Armour: Skin              |    22 |    16 |    37 ||    75
  Dodge: Dodged            |    36 |    34 |    45 ||   115

Table legend: (Time is in decaauts)
 A = Elapsed time spent in this place.
 B = Non-inter-level travel time spent in this place.
 C = Inter-level travel time spent in this place.
 D = Time resting spent in this place.
 E = Time spent auto-exploring this place.
 F = Levels seen in this place.
 G = Mean time per level.
                   A        B        C        D        E       F      G
               +--------+--------+--------+--------+--------+-----+--------+
         Total |   4088 |   3940 |    148 |    686 |   2416 |   6 |  681.3 |
       Dungeon |   4088 |   3940 |    148 |    686 |   2416 |   6 |  681.3 |
               +--------+--------+--------+--------+--------+-----+--------+

Top non-repeatable levels by time:
     D:5: 1009 daAuts
     D:2: 964 daAuts
     D:1: 776 daAuts
     D:4: 698 daAuts
     D:3: 589 daAuts
     D:6: 50 daAuts
